Vis, lawful male human Samurai ------ ##-....| # |..<.| ### ----.- # ### -+-- - ##### --+--+---......... #G## --- -- .............{......{...... @### ..>...| -............ ###d)# | -----+--- Vis the Ronin Experience level: 5 Strength: 17 Dexterity: 15 Constitution: 18 Intelligence: 11 Wisdom: 8 Charisma: 6 Health: 0(52) Energy: 14(14) Def: 6 Gold: 1273 Moves: 2090 Dungeon seed: 6wZOrloo7G0D7HvW Game ID: Vis_1497182216 Your Inventory: Coins $ - 1273 gold pieces Amulets G - a cursed amulet of change Weapons a - a very corroded +0 katana (weapon in hand) b - a +0 wakizashi c - a +0 yumi (alternate weapon; not wielded) d - 43 +0 ya (in quiver) Armor e - an uncursed rustproof +0 splint mail (being worn) r - an uncursed +0 helm of opposite alignment Comestibles m - 4 uncursed gunyoki A - an uncursed tripe ration D - an uncursed tin of lichen Scrolls g - 2 uncursed scrolls of light p - a cursed scroll of punishment s - an uncursed scroll of create monster t - a cursed scroll of enchant armor y - an uncursed scroll of teleportation L - an uncursed scroll of confuse monster Potions h - 2 uncursed potions of see invisible j - 2 uncursed potions of blindness l - a cursed potion of invisibility w - 2 uncursed potions of object detection z - a blessed potion of sickness F - an uncursed potion of gain energy Rings o - a cursed -1 ring of adornment Wands E - a wand of digging (0:7) I - a wand of magic missile (0:3) Tools k - an uncursed skeleton key q - an uncursed bugle x - a can of grease (0:1) H - 6 uncursed wax candles (0:400) J - an uncursed tallow candle (0:200) K - an uncursed tin whistle Gems n - an uncursed worthless piece of white glass M - an uncursed worthless piece of green glass N - an uncursed worthless piece of orange glass Y - an uncursed touchstone Spells and supernatural/magical abilities: Name Level Category Fail Memory W - pray for help -- divine ? -- Your skills at the end: Fighting Skills martial arts [Basic] Weapon Skills short sword [Basic] long sword [Basic] bow [Basic] Spellcasting Skills Final Attributes: You were devoutly aligned. You saw invisible. You were fast. You were lucky. You are dead. Vanquished creatures: a gnome king a rock piercer a shrieker 3 gnome lords a gnomish wizard a kobold mummy 3 elf zombies a dwarf a homunculus a giant bat a wererat an iguana an acid blob a large kobold a hobgoblin a yellow mold 9 gnomes a gecko 3 jackals 2 foxes 5 grid bugs 4 lichens 2 newts 46 creatures vanquished. Voluntary challenges: You were an atheist. You used a wielded weapon 70 times, starting on turn 89. You read items or engraved 5 times, starting on turn 108. You never genocided any monsters. You never polymorphed an object. You never changed form. You used no wishes. You never split a pudding. You never wrote Elbereth's name. You violated your moral code, losing 2 points of alignment, starting on turn 1939. Dungeon overview: The Dungeons of Doom: levels 1 to 9 Level 1 a long staircase Level 2 stairs to The Gnomish Mines Level 3 Level 4 a general store, a fountain Level 5 Level 6 a potion shop, a fountain, a sink Level 7 Level 8 Level 9 many fountains The Gnomish Mines: levels 3 to 5 Level 3 stairs to The Dungeons of Doom Level 4 Level 5 <- You were here some fountains History has recorded: On T:1 you entered the Dungeons of Doom to retrieve the Amulet of Yendor! On T:274 you reached level 2 of The Dungeons of Doom. On T:292 you reached level 3 of The Dungeons of Doom. On T:353 you advanced to experience level 2. On T:473 you reached level 4 of The Dungeons of Doom. On T:655 you reached level 5 of The Dungeons of Doom. On T:700 you reached level 6 of The Dungeons of Doom. On T:768 you advanced to experience level 3. On T:866 you reached level 7 of The Dungeons of Doom. On T:1062 you reached level 8 of The Dungeons of Doom. On T:1067 you advanced to experience level 4. On T:1198 you reached level 9 of The Dungeons of Doom. On T:1808 you reached level 1 of The Gnomish Mines. On T:1823 you reached level 2 of The Gnomish Mines. On T:1826 you advanced to experience level 5. On T:2057 you reached level 3 of The Gnomish Mines. Score breakdown: Gold: 1273 (10562 points) Experience: 5 levels (11141 points) Exploration: 9 levels ( 20.00%) (12792 points) Discoveries: 6 items ( 2.44%) ( 4685 points) Valuables value: (no points given unless you survive) Artifact value: 0 ( 0 points) Variety of kills: 23 monsters ( 6.04%) ( 7370 points) Turncount: 2090 turns ( -65 points) Survival: died (score multiplied by 80%) Total score: 37188 Latest messages: âÿÿÿ bites the hobgoblin. (2x) The hobgoblin is killed! You fall down the stairs. You hear a door open. The door resists! You hear a door open. The door opens. You hear a chugging sound. The gnome lord misses. You hit the gnome lord! The gnome lord hits! You hit the gnome lord. (2x) The gnome lord hits! The gnome lord misses. You hit the gnome lord. (2x) The gnome lord hits! You displace âÿÿÿ. You hear some noises. You hit the gnome. The gnome misses. You kill the gnome! You see here 10 darts. The gnome hits! You hit the gnome! The gnome hits! You die... Final status: Sayonara Vis the Samurai, killed by a gnome... You died in The Gnomish Mines on dungeon level 5 with 37188 points, and 1273 pieces of gold, after 2090 moves. You were level 5 with a maximum of 52 hit points when you died.